Map: Blackpink LE

Players

Pain - Winner!

  • Race: Terran Terran
  • Spawn Location: 7:00

A.I. 1 (Medium)

  • Race: Zerg Zerg
  • Spawn Location: 1:00

VOD

Have the link to the VOD?

Description

Time

  • Played on: March 13, 2018, 2:14 p.m.
  • Length: 23:46
Show
View Real Time Build Order
Export as new Build Order

Pain Terran - Winner!

Build Orders:  

Get SALT Encoding   

  12  0:09  SCV  
  13  0:28  Supply Depot  
  13  0:29  SCV  
  14  0:41  SCV  
  15  0:53  SCV  
  16  0:58  Barracks  
  16  1:21  Refinery  
  16  1:30  SCV  
  17  1:42  SCV  
  18  1:48  Supply Depot  
  18  2:07  Orbital Command  
  18  2:15  Marine  
  18  2:32  Marine  
  18  2:36  Bunker  
  19  2:38  SCV  
  20  2:50  SCV, Marine  
  22  2:54  Factory  
  22  3:02  SCV  
  23  3:08  Marine  
  24  3:14  SCV  
  24  3:16  Supply Depot  
  25  3:26  SCV, Marine  
  27  3:38  SCV  
  28  3:43  Factory  
  28  3:44  Marine  
  29  3:51  SCV  
  30  4:02  Factory Reactor, Marine  
  31  4:19  Marine  
  32  4:26  Supply Depot  
  32  4:35  Engineering Bay  
  32  4:37  Marine  
  33  4:44  Armory  
  33  4:45  Factory Tech Lab  
  33  4:48  Supply Depot  
  33  4:49  Hellion x2  
  37  5:10  Hellion x2  
  37  5:12  Supply Depot  
  41  5:28  Command Center  
  41  5:31  Infernal Pre-Igniter  
  41  5:32  Hellion x2  
  45  5:41  SCV  
  46  5:43  Refinery  
  46  5:53  Hellion x2, SCV  
  51  6:02  Terran Infantry Weapons Level 1  
  51  6:05  SCV  
  52  6:17  SCV  
  53  6:29  Missile Turret, Refinery  
  53  6:40  Barracks  
  53  6:49  SCV  
  53  6:52  Marine  
  56  7:01  SCV  
  52  7:10  Marine  
  52  7:13  SCV  
  37  7:25  Hellion x2, SCV  
  37  7:28  Marine  
  37  7:29  Factory  
  42  7:37  SCV  
  43  7:45  Marine  
  43  7:46  Hellion x2  
  44  8:03  Marine  
  43  8:08  Hellion  
  44  8:18  SCV  
  45  8:21  Marine  
  46  8:35  SCV  
  46  8:39  Marine  
  48  8:43  SCV  
  50  8:55  SCV  
  50  9:04  Siege Tank  
  50  9:08  SCV  
  54  9:14  Command Center  
  54  9:18  Terran Vehicle Weapons Level 1  
  54  9:20  SCV  
  55  9:32  SCV  
  55  9:36  Siege Tank  
  59  10:03  SCV  
  60  10:08  Siege Tank  
  63  10:25  SCV  
  64  10:34  Refinery  
  64  10:38  SCV  
  64  10:40  Siege Tank  
  68  10:50  SCV  
  69  11:02  SCV  
  70  11:10  Hellion  
  70  11:11  Hellion x2  
  76  11:12  Terran Vehicle And Ship Armor Level 1  
  76  11:24  Supply Depot  
  76  11:26  Siege Tank  
  76  11:32  Hellion x3  
  75  11:46  Supply Depot  
  75  11:53  Hellion x3  
  81  11:58  Siege Tank  
  81  11:59  Orbital Command  
  84  12:03  SCV  
  85  12:15  Hellion x3, SCV  
  92  12:18  Supply Depot  
  92  12:27  SCV  
  93  12:39  Siege Tank, SCV  
  97  12:52  SCV  
  97  12:57  Supply Depot  
  98  13:11  Siege Tank  
  101  13:26  Marine x2  
  103  13:33  Hellion x2  
  107  13:43  Siege Tank  
  107  13:44  Marine x2  
  112  13:53  Hellion  
  112  13:54  Hellion x2  
  118  13:57  SCV  
  118  14:02  Marine x2  
  121  14:09  SCV  
  122  14:14  Hellion  
  122  14:15  Hellion  
  126  14:25  Siege Tank, Hellion, Marine x2  
  133  14:35  Hellion  
  133  14:36  Terran Vehicle Weapons Level 2  
  133  14:37  Hellion  
  137  14:42  Marine x2  
  139  14:47  Hellion  
  139  14:57  Siege Tank, Hellion  
  131  15:19  Hellion x2  
  131  15:20  Hellion  
  137  15:29  Siege Tank  
  140  15:41  Hellion  
  142  15:51  Command Center  
  142  15:53  Supply Depot  
  142  16:14  Siege Tank, Hellion x2  
  142  16:16  Supply Depot  
  149  16:25  Marine  
  150  16:37  Marine  
  150  16:38  Hellion x3  
  157  16:42  Marine  
  158  16:52  Terran Vehicle And Ship Armor Level 2  
  158  17:02  Marine  
  158  17:03  Siege Tank, Hellion x3, Marine  
  153  17:20  Marine x2  
  149  17:24  Hellion  
  151  17:38  Marine x2  
  149  17:56  Marine x2  
  149  17:57  Hellion x4  
  149  18:09  SCV  
  146  18:14  Marine x2  
  146  18:18  Hellion x3  
  151  18:21  SCV  
  150  18:32  Marine x2  
  150  18:33  SCV  
  153  18:46  SCV  
  152  18:49  Marine x2  
  154  18:58  SCV  
  155  19:07  Marine x2  
  153  19:25  Marine x2  
  155  19:43  Marine x2  
  139  20:28  Refinery  
  139  20:30  Refinery  
  139  20:56  Marine x2  
  141  20:59  Hellion x3  
  141  21:00  Hellion  
  149  21:14  Marine x2  
  151  21:20  Hellion  
  151  21:21  Hellion x3  
  146  21:32  Marine x2  
  148  21:42  Siege Tank, Hellion x3  
  157  21:50  Marine x2  
  150  22:03  Hellion  
  150  22:04  Hellion x2  
  150  22:07  Marine  
  150  22:08  Marine  
  154  22:14  Siege Tank  
  148  22:25  Hellion  
  149  22:46  Siege Tank  
Show
View Real Time Build Order
Export as new Build Order

A.I. 1 (Medium) Zerg 

Build Orders: Pool First 

Get SALT Encoding   

  12  0:00  Drone  
  13  0:12  Overlord  
  13  0:17  Drone  
  14  0:30  Drone  
  14  0:33  Drone  
  16  0:44  Spawning Pool  
  16  0:45  Drone  
  16  0:49  Drone  
  17  0:54  Extractor  
  17  0:55  Drone  
  17  1:06  Overlord  
  17  1:30  Queen  
  17  1:31  Zergling x2  
  20  1:37  Roach Warren  
  20  1:38  Drone  
  20  1:42  Extractor  
  20  1:46  Zergling x2  
  20  1:49  Drone  
  21  2:00  Drone  
  22  2:10  Overlord  
  22  2:21  Roach  
  24  2:35  Overlord  
  24  2:37  Roach  
  26  2:52  Roach  
  28  2:59  Drone  
  28  3:03  Drone  
  30  3:07  Roach  
  30  3:11  Overlord  
  32  3:16  Drone  
  33  3:21  Drone  
  33  3:22  Roach  
  36  3:28  Drone  
  37  3:38  Baneling Nest, Roach  
  37  3:41  Drone  
  39  3:43  Drone  
  39  3:46  Evolution Chamber  
  39  3:48  Drone  
  39  3:53  Roach  
  42  4:08  Roach  
  44  6:22  Lair, Drone, Overlord  
  44  6:25  Spore Crawler  
  44  6:27  Spore Crawler, Drone  
  44  6:29  Evolution Chamber  
  44  6:30  Drone  
  44  6:31  Hatchery  
  43  6:33  Drone  
  44  6:50  Spine Crawler  
  44  6:52  Spine Crawler  
  44  6:53  Drone  
  43  7:02  Zergling x2  
  40  7:14  Roach  
  38  7:19  Queen  
  38  7:20  Overseer x2  
  38  7:24  Infestation Pit  
  38  7:26  Roach  
  38  7:27  Hydralisk Den  
  38  7:28  Drone  
  39  7:30  Drone, Spire  
  40  7:44  Queen, Drone  
  40  7:47  Drone  
  40  7:50  Drone  
  44  7:52  Extractor  
  44  7:53  Drone  
  44  7:55  Spore Crawler, Drone  
  44  7:58  Spore Crawler, Drone, Hydralisk  
  45  8:01  Drone  
  45  8:04  Drone  
  46  8:07  Drone  
  46  8:10  Drone, Roach  
  44  8:13  Drone  
  44  8:15  Drone  
  44  8:18  Drone  
  47  8:21  Drone, Roach  
  47  8:22  Spine Crawler  
  47  8:24  Drone, Spine Crawler  
  49  8:29  Drone  
  49  8:31  Overlord  
  49  8:33  Drone, Roach  
  53  8:35  Drone  
  53  8:40  Drone  
  55  8:43  Drone  
  55  8:44  Roach  
  55  8:46  Drone  
  59  8:49  Drone  
  59  8:52  Drone  
  59  8:55  Drone  
  62  9:03  Overlord, Hydralisk, Drone  
  62  9:06  Drone  
  66  9:10  Drone  
  66  9:13  Drone  
  66  9:14  Hydralisk  
  70  9:26  Hydralisk  
  72  10:15  Extractor  
  71  10:44  Pneumatized Carapace  
  71  10:45  Overlord x2, Roach, Overseer  
  71  10:46  Zerg Ground Armor Level 1, Burrow, Zerg Melee Weapons Level 1  
  73  10:51  Roach  
  77  10:57  Roach  
  77  11:02  Infestor  
  79  11:21  Zergling x2  
  77  11:26  Hydralisk  
  77  11:28  Hatchery  
  77  11:29  Hive  
  77  11:31  Hydralisk  
  68  11:37  Hydralisk  
  64  11:44  Roach  
  66  11:49  Roach  
  68  11:55  Roach  
  72  12:01  Roach  
  72  12:07  Roach  
  74  12:12  Roach  
  76  12:18  Hydralisk  
  78  12:40  Zerg Missile Weapons Level 1  
  78  12:41  Queen, Drone  
  78  12:43  Ultralisk Cavern  
  81  12:44  Drone  
  81  12:47  Drone  
  81  12:50  Drone  
  83  12:53  Drone  
  83  12:54  Extractor  
  83  12:55  Drone  
  83  12:56  Spore Crawler  
  83  12:58  Spore Crawler, Drone, Greater Spire  
  82  13:00  Extractor  
  82  13:01  Drone  
  82  13:04  Drone  
  84  13:07  Drone  
  84  13:10  Drone  
  86  13:13  Drone  
  86  13:15  Drone  
  86  13:18  Drone  
  89  13:21  Drone  
  89  13:24  Drone, Spine Crawler  
  89  13:25  Spine Crawler  
  89  13:27  Drone  
  89  13:30  Drone  
  91  14:12  Spire  
  91  14:14  Drone  
  91  14:21  Overlord, Roach, Zerg Melee Weapons Level 2  
  91  14:22  Zerg Flyer Weapons Level 1  
  93  14:25  Roach  
  93  14:28  Roach  
  97  14:32  Roach  
  97  14:34  Zerg Ground Armor Level 2  
  97  14:35  Roach  
  101  14:39  Overlord, Roach  
  101  14:43  Roach  
  105  14:46  Hydralisk  
  105  14:49  Hydralisk  
  108  14:53  Zergling x2  
  108  14:57  Overlord, Roach  
  89  15:01  Roach  
  89  15:04  Hydralisk  
  87  15:07  Hydralisk  
  87  15:12  Roach  
  91  15:15  Roach  
  91  15:19  Roach  
  95  15:23  Roach  
  95  15:24  Zerg Flyer Armor Level 1  
  95  15:26  Roach  
  99  15:29  Hydralisk  
  99  15:33  Hydralisk  
  103  15:36  Infestor  
  103  15:41  Roach  
  107  15:44  Roach  
  109  16:17  Zerg Flyer Weapons Level 2  
  109  16:37  Zerg Missile Weapons Level 2  
  109  16:47  Hatchery  
  109  16:50  Zerg Melee Weapons Level 3  
  108  17:05  Hydralisk  
  108  17:06  Queen  
  105  17:10  Zergling x2  
  105  17:13  Hydralisk  
  74  17:17  Roach  
  74  17:18  Zerg Flyer Armor Level 2  
  74  17:20  Hydralisk  
  70  17:24  Roach  
  70  17:28  Roach  
  74  17:31  Roach  
  74  17:35  Roach  
  77  17:39  Roach  
  77  17:42  Roach  
  79  17:46  Roach  
  79  17:49  Spine Crawler, Roach  
  79  17:50  Overseer  
  79  17:51  Overlord x2  
  62  18:00  Roach  
  62  18:01  Queen, Drone  
  62  18:02  Queen  
  62  18:04  Drone  
  53  18:07  Drone  
  53  18:10  Drone, Roach  
  53  18:11  Extractor  
  46  18:13  Drone  
  46  18:14  Spore Crawler  
  46  18:16  Drone  
  46  18:18  Extractor  
  46  18:19  Drone  
  42  18:20  Extractor, Roach  
  42  18:21  Drone  
  42  18:23  Spore Crawler  
  42  18:24  Drone  
  42  18:26  Spore Crawler  
  38  18:28  Drone  
  38  18:29  Infestor  
  38  18:31  Drone  
  38  18:33  Overlord  
  37  18:34  Drone  
  37  18:36  Overseer  
  37  18:37  Drone  
  37  18:39  Hydralisk  
  37  18:40  Drone  
  38  18:43  Drone  
  38  18:46  Drone  
  36  18:49  Drone, Spine Crawler  
  36  18:50  Zergling x2  
  36  18:51  Overseer  
  36  18:52  Drone  
  36  18:53  Zerg Ground Armor Level 3  
  36  18:54  Queen, Drone  
  34  18:57  Queen, Drone  
  34  18:59  Hydralisk  
  34  19:00  Drone  
  34  19:02  Spine Crawler  
  35  19:03  Drone  
  35  19:06  Drone  
  35  19:09  Drone  
  35  19:10  Roach  
  35  19:14  Drone  
  32  19:17  Drone, Overseer  
  32  19:20  Drone  
  32  19:23  Drone  
  35  19:26  Drone  
  35  19:27  Zerg Missile Weapons Level 3  
  35  19:28  Overlord  
  35  19:29  Drone  
  35  19:31  Drone, Overseer  
  35  19:34  Drone  
  29  19:40  Zergling x2, Drone  
  24  19:46  Drone  
  24  19:50  Drone, Ultralisk  
  16  20:00  Ultralisk  
  16  20:04  Hatchery  
  17  20:10  Ultralisk  
  23  20:15  Extractor  
  23  20:16  Drone  
  23  20:20  Ultralisk  
  29  20:22  Drone  
  30  20:29  Hydralisk  
  32  20:40  Drone  
  25  20:52  Drone  
  26  20:58  Drone  
  27  21:14  Queen  
  7  21:34  Drone  
  8  21:49  Drone  
  5  22:24  Drone  
  6  22:33  Drone  
  5  23:15  Drone  
  5  23:16  Drone  
  6  23:33  Drone  
Tags
 
Matchup
TvZ
Opening
Pool First
Replay Pack
RP
Spawn Locations
Cross Positions
Add a new tag
Caveats
  • Supply blocks, unpowered buildings, or Contaminate may cause inaccurate times.
  • Supply counts are checked every 10 seconds.